[Event "Chinese League Div-A Rapid 2022"]
[Site "Fuling,Chongqing"]
[Date "2022.09.07"]
[Round "2.3"]
[White "Xu, Zhihang"]
[Black "Zhang, Zhong"]
[Result "0-1"]
[ECO "E15"]
[WhiteElo "2489"]
[BlackElo "2617"]
[Annotator "TA"]
[PlyCount "156"]
[EventDate "2022.09.07"]
[EventType "team-tourn"]
[EventCountry "CHN"]
[SourceTitle "playchess.com"]
[Source "ChessBase"]
[SourceQuality "1"]
[TimeControl "1500+10"]

1. d4 Nf6 2. c4 e6 3. Nf3 b6 4. g3 Ba6 5. b3 d5 6. Bg2 Bb4+ 7. Bd2 Bd6 8. O-O {[%emt 0:00:09] E15: Queen's Indian: 4 g3 sidelines, 4 g3 Ba6 and 4 g3 Bb7 early deviations.} O-O {[%emt 0:00:03] is the legacy move (8...Nbd7).} 9. Bg5 Nbd7 10. cxd5 {[%emt 0:00:57] The position is equal.} exd5 11. Nc3 h6 12. Bf4 {[%emt 0:00:02] [#]} Bb4 $146 ({Predecessor:} 12... Bxf4 13. gxf4 c6 14. Ne5 Rc8 15. Bf3 Qe7 16. Qd2 Bb7 17. e3 Rfe8 18. Kh1 Kh8 19. Rg1 Nf8 {½-½ (70) Szczepkowska,K (2415)-Tarasova,V (2226) Chess.com INT 2021}) 13. Rc1 Rc8 14. Ne5 c6 15. a3 Be7 (15... Bxc3 $11 16. Rxc3 Nxe5 17. Bxe5 Ne4) 16. b4 g5 (16... Nxe5 $14 17. dxe5 Ne8) 17. Nxd7 (17. Bd2 $16) 17... Qxd7 $11 18. Bd2 Rfe8 19. Re1 Bf8 20. Qa4 Bc4 21. e4 dxe4 22. Nxe4 Nxe4 23. Rxe4 b5 24. Qc2 Bg7 25. Be3 {[%emt 0:02:16] [#]} (25. Rxe8+ $11 {remains equal.} Rxe8 26. Be3) 25... Rxe4 (25... Red8 $1 $17 {White must now prevent ...Bd5.} 26. Bd2 Bd5) 26. Qxe4 Bd5 27. Qc2 Bxg2 28. Kxg2 Qd5+ 29. Kg1 Bf8 {[%emt 0:00:25] Against Qc5} (29... Bxd4 $2 30. Rd1 $18) 30. Qd1 Re8 31. h4 Re6 32. Qh5 Be7 33. hxg5 hxg5 34. Qh1 Re4 35. Rc3 Kg7 36. Qf3 f5 37. Rc1 Kg6 38. Qh1 Bd6 $1 39. Qg2 $1 Be7 40. Qh1 Qe6 41. Qf3 ({Don't go for} 41. Qh8 $2 Rxe3 42. Qe8+ Kg7 43. Rxc6 Re1+ 44. Kh2 Qf7 45. Qxf7+ Kxf7 $19) 41... a6 42. Rc3 Qd5 43. Qd1 f4 44. gxf4 gxf4 45. Qg4+ Kf7 46. Qf3 (46. f3 $11 Rxd4 47. Bf2) 46... Bd6 $17 {[%emt 0:00:11] Hoping for ...Ke7.} 47. Kg2 (47. Kf1 $142) 47... Ke7 48. Bc1 Kd7 ({Worse is} 48... Qxd4 49. Bb2 Qd5 50. Rd3 $17) ({But not} 48... Rxd4 $6 49. Rxc6 Qg8+ 50. Kf1 $11) ({Black should play} 48... Qg8+ 49. Kf1 Qd5) 49. Kf1 ({Better is} 49. Rd3) 49... Rxd4 {[%emt 0:00:36] Black is more active.} 50. Qxd5 cxd5 {[%emt 0:00:12][%mdl 4096] Endgame KRB-KRB} 51. Ke2 {[%emt 0:00:17] [#]} Be5 (51... Rc4 $1 $17 52. Bd2 Kc6) 52. Rh3 $11 Rc4 53. Bd2 Ke6 54. Rh6+ Bf6 {[%emt 0:00:03] And now ...Kf5 would win.} 55. Kd3 Kf5 56. Rh5+ Ke6 57. Rh6 Rd4+ 58. Kc2 {[%emt 0:00:02][%cal Oh6f6] Rxf6+! is the strong threat.} Rc4+ 59. Kd3 Kf7 60. f3 Kg7 61. Rh5 Rd4+ 62. Kc2 Kg6 63. Rh2 Rc4+ 64. Kd3 Bb2 65. Rg2+ $2 (65. Bxf4 $1 $11 Bxa3 66. Rh6+ Kf5 67. Be3) 65... Kf5 66. Rg8 $2 (66. Rg1 {is more resistant.}) 66... Bxa3 $19 {[%emt 0:00:08] Black is clearly winning.} 67. Rf8+ (67. Rd8 $142 Ke6 68. Re8+ Kd6 69. Bc3) 67... Ke6 68. Re8+ Kd7 69. Ra8 Bxb4 70. Ra7+ Ke6 {[%emt 0:00:10] aiming for ...Bxd2.} 71. Rxa6+ Ke5 72. Ra8 Bxd2 {[%emt 0:00:06] KRB-KR} 73. Re8+ Kd6 74. Kxd2 b4 75. Kd3 Kc7 76. Re7+ Kc6 77. Re8 Rc3+ 78. Kd4 Rxf3 {[%emt 0:00:02] Weighted Error Value: White=0.14 (very precise) /Black=0.15 (very precise)} 0-1

[Event "Chinese League Div-A Rapid 2022"]
[Site "Fuling,Chongqing"]
[Date "2022.09.07"]
[Round "2.4"]
[White "Ju, Wenjun"]
[Black "Zhai, Mo"]
[Result "1-0"]
[ECO "D24"]
[WhiteElo "2560"]
[BlackElo "2374"]
[Annotator "RC"]
[PlyCount "69"]
[EventDate "2022.09.07"]
[EventType "team-tourn"]
[EventCountry "CHN"]
[SourceTitle "playchess.com"]
[Source "ChessBase"]
[SourceQuality "1"]
[TimeControl "1500+10"]

1. d4 Nf6 2. c4 e6 3. Nf3 d5 4. Nc3 dxc4 5. e4 Bb4 6. Bxc4 Nxe4 7. O-O Nf6 8. Qa4+ Nc6 9. Ne5 a5 10. Nxc6 bxc6 11. Qxc6+ Bd7 12. Qf3 O-O 13. Rd1 Rb8 14. b3 Bd6 15. Bg5 Be7 16. Bf4 Bd6 17. Be5 Rb6 18. h3 Bc6 19. Qg3 Qe7 20. Re1 Rd8 21. Rad1 Bxe5 22. Qxe5 a4 23. d5 Be8 24. dxe6 fxe6 25. Rxd8 Qxd8 26. Bxe6+ Kf8 27. bxa4 Rd6 28. Nb5 Bxb5 29. axb5 g6 30. a4 Kg7 31. a5 Rd1 32. Rxd1 Qxd1+ 33. Kh2 Qc2 34. b6 cxb6 35. axb6 1-0

[Event "Chinese League Div-A Rapid 2022"]
[Site "Fuling,Chongqing"]
[Date "2022.09.07"]
[Round "2.5"]
[White "Ning, Kaiyu"]
[Black "Hou, Yifan"]
[Result "1/2-1/2"]
[ECO "E16"]
[WhiteElo "2374"]
[BlackElo "2650"]
[Annotator "TA"]
[PlyCount "92"]
[EventDate "2022.09.07"]
[EventType "team-tourn"]
[EventCountry "CHN"]
[SourceTitle "playchess.com"]
[Source "ChessBase"]
[SourceQuality "1"]
[TimeControl "1500+10"]

1. d4 Nf6 2. c4 e6 3. Nf3 b6 4. g3 Bb4+ 5. Bd2 c5 6. Bxb4 cxb4 7. Bg2 Bb7 8. O-O O-O 9. Qd3 d6 10. Nbd2 Qc7 {[%emt 0:00:12] E16: Queen's Indian: 4 g3 Bb7 5 Bg2 Bb4+.} 11. e4 e5 12. Rfe1 a5 13. Rac1 Re8 14. h3 {[%emt 0:01:23] [#]} h6 $146 ({Predecessor:} 14... Na6 15. Nh4 g6 16. Rcd1 Rac8 17. b3 Qe7 18. Nf1 Nc7 19. Ne3 Ne6 20. dxe5 dxe5 {½-½ (43) Piket,J (2640)-Nikolic,P (2655) Rotterdam 1997}) 15. Nf1 Nbd7 16. N3d2 exd4 17. Qxd4 Nc5 18. f3 Nfd7 19. Ne3 Ne6 20. Qd3 Nec5 21. Qd4 (21. Qc2 {is interesting.} d5 22. cxd5 Qxg3 23. Nf5) 21... Ne6 (21... Ne5 {is more complex.} 22. Nf5 Bc8 23. Rb1 Bxf5 24. exf5 Rad8) 22. Qd3 Ndc5 23. Qf1 Qd8 24. f4 Qf6 $1 25. e5 {[%emt 0:01:31] [#]} dxe5 (25... Bxg2 $1 $17 26. Kxg2 (26. Qxg2 dxe5) 26... dxe5) 26. Bxb7 $11 Nxb7 27. Ne4 Qd8 {[%emt 0:00:16] aiming for ...Qd4.} 28. f5 $2 (28. Rcd1 $1 $11 Qb8 29. fxe5) 28... Nd4 $17 29. f6 Nc5 30. Nd5 Re6 31. Rcd1 Ra7 ({Not} 31... Nxe4 32. Rxe4 Qd6 33. Rg4 (33. fxg7 f5 $17)) 32. Kh2 (32. Qf2 $17 {keeps fighting.}) 32... Rd7 ({Black should play} 32... Nxe4 $19 33. Rxe4 b5) 33. fxg7 Kxg7 34. Nxc5 bxc5 35. Re4 Rxd5 36. cxd5 Qxd5 37. Qg2 Rg6 38. Rde1 (38. Re3 $142 Qxa2 39. Rxe5) 38... Qc6 ({Better is} 38... Qxa2 {Strongly threatening ...a4.} 39. Kh1 (39. Rxe5 $2 Rf6 $19) 39... f6) 39. Rf1 Qe6 ({Black should try} 39... Qd6 $17 40. Rfe1 Qd5) 40. Rfe1 (40. Re3 $1 $11) 40... Rg5 $2 (40... Qxa2 $17 {...a4 is the strong threat.} 41. Kh1 (41. Rxe5 $2 Rf6 $19) 41... f6) 41. b3 {[%emt 0:00:06] [#]} (41. h4 $11 {keeps the balance.} Rf5 42. Rg4+ Kf6 43. Qa8) 41... Kh7 (41... Qd5 $1 $17) 42. h4 $11 Rf5 {[%emt 0:00:01] White must now prevent ...Qf6.} 43. Rf1 (43. Rf4 $1 $11) 43... Rxf1 44. Qxf1 Qd5 (44... a4 $17 45. Re3 Kg7) 45. Qf6 Qxe4 46. Qxf7+ Kh8 {[%emt 0:00:00] Black had all chances to win.  Weighted Error Value: White=0.30/Black=0.25 (precise)} 1/2-1/2

[Event "Chinese League Div-A Rapid 2022"]
[Site "Fuling,Chongqing"]
[Date "2022.09.07"]
[Round "2.6"]
[White "Bu, Xiangzhi"]
[Black "Wan, Yunguo"]
[Result "1/2-1/2"]
[ECO "D35"]
[WhiteElo "2709"]
[BlackElo "2508"]
[Annotator "TA"]
[PlyCount "34"]
[EventDate "2022.09.07"]
[EventType "team-tourn"]
[EventCountry "CHN"]
[SourceTitle "playchess.com"]
[Source "ChessBase"]
[SourceQuality "1"]
[TimeControl "1500+10"]

1. c4 {[%emt 0:00:03] ChessBase} Nf6 2. Nc3 e6 3. Nf3 d5 4. cxd5 exd5 5. d4 c6 6. Bf4 Bf5 7. e3 h6 {[%emt 0:00:55] D35: Queen's Gambit Declined: Exchange Variation.} 8. Ne5 Nbd7 9. g4 Bh7 {[%emt 0:00:35] [#]} 10. Nd3 $146 ({Predecessor:} 10. Bd3 Bxd3 11. Qxd3 Bb4 12. f3 Nf8 13. Kf2 Ne6 14. Bg3 h5 15. Bh4 g5 16. Qf5 gxh4 {0-1 (18) Yagubov,E-Yagupov,I (2450) St Petersburg 1996 CBM 052 [ChessBase]}) 10... Ne4 11. Qb3 Nxc3 12. Qxc3 (12. bxc3 $5 Be4 13. Rg1 $11) 12... Be4 13. Rg1 Qb6 (13... Be7 $15) 14. Qb3 Qa5+ 15. Qc3 Qb6 16. Qb3 Qa5+ 17. Qc3 Qb6 {[%emt 0:00:05] Weighted Error Value: White=0.08 (flawless) /Black=0.13 (very precise)} 1/2-1/2

[Event "Chinese League Div-A Rapid 2022"]
[Site "Fuling,Chongqing"]
[Date "2022.09.07"]
[Round "2.7"]
[White "Liu, Yan"]
[Black "Zhang, Pengxiang"]
[Result "1/2-1/2"]
[ECO "A20"]
[WhiteElo "2530"]
[BlackElo "2564"]
[Annotator "TA"]
[PlyCount "98"]
[EventDate "2022.09.07"]
[EventType "team-tourn"]
[EventCountry "CHN"]
[SourceTitle "playchess.com"]
[Source "ChessBase"]
[SourceQuality "1"]
[TimeControl "1500+10"]

1. c4 e5 2. g3 Nf6 3. Bg2 d5 4. cxd5 Nxd5 5. Nf3 Nc6 6. O-O Nb6 7. b3 {[%emt 0:00:03] A20: English Opening: 1...e5.} e4 {[%emt 0:02:00] Recently 7...Be6 got a lot of attention.} 8. Ne1 Bf5 9. Nc3 {[%emt 0:02:14] White is slightly better.} Qe7 {[%emt 0:00:04] [#]} 10. f3 $146 ({Predecessor:} 10. d3 O-O-O 11. Be3 exd3 12. Nxd3 h5 13. Rc1 Kb8 14. Nb5 Be4 15. Bxe4 Qxe4 16. Bf4 {1-0 (43) Gukesh,D (2547)-Janik,I (2466) Sitges 2019}) 10... exf3 11. Nxf3 O-O-O 12. Bb2 (12. a4 $5 ) 12... Qd7 13. Rc1 {[%emt 0:03:18] Hoping for Nb5.} Kb8 (13... f6 $11) 14. Nb5 $16 {[%emt 0:01:29] Ne5 is the strong threat.} f6 {[%emt 0:01:30] [#] Inhibits Ne5.} 15. Nfd4 ({Only move:} 15. Rxc6 $1 $16 Qxc6 16. Nfd4) 15... Nxd4 $11 16. Nxd4 Bg6 17. Nf3 Bb4 18. d3 (18. Nd4 $15) 18... Nd5 $17 {[%emt 0:01:20] White must now prevent ...Ne3.} 19. Bd4 {[%emt 0:00:02][%cal Oa2a3] Prevents Ne3.} c5 20. Rxc5 Bxc5 21. Bxc5 Rhe8 (21... Qc7 $1 $17 22. Bd4 Qa5) 22. Qd2 $1 $11 Rc8 (22... Qe6 $5 23. e4 Nc7 $15) 23. Bf2 {[%emt 0:00:17] This bishop pair is nice.} Bf7 24. Nd4 Nc3 25. e4 Nb5 26. Qf4+ Ka8 27. Bh3 Qxh3 28. Nxb5 Qd7 {[%emt 0:00:01] Against Nc7+} (28... Re5 $11 {is more appropriate.} 29. Nxa7 Rc2) 29. Nd6 $14 Rc2 {[%emt 0:01:31] aiming for ...Rd8.} 30. Nxe8 Bxe8 31. d4 Bg6 (31... b6 $14) 32. d5 (32. Re1 $16) 32... b6 ({Don't play} 32... Qh3 33. e5 (33. Qh4 Qxh4 34. gxh4 Bxe4 $11) 33... fxe5 34. Qf8+ Qc8 35. Qa3 $16) (32... Re2 $1 $11 {keeps the balance.}) 33. a4 ({White should try} 33. Re1 $16) 33... Kb7 (33... Qh3 $2 34. a5 bxa5 35. Qe3 $18) (33... Re2 $1 $11) 34. Re1 h5 {[%emt 0:00:28] [#]} 35. e5 ({White should play} 35. a5 $1 $16) 35... Qxd5 $11 36. exf6 gxf6 37. Qxf6 {[%emt 0:00:09] Really sharp!} Qf5 ({Don't take} 37... Bf7 38. b4 $16) (37... Bf5 $1 $11 {is superior.}) 38. Re7+ Rc7 $1 (38... Ka6 $2 {[#] leads to mate.} 39. Rxa7+ $3 Kxa7 40. Qxb6+ Ka8 41. Qa7#) 39. Rxc7+ Kxc7 $14 {[%emt 0:00:01][%mdl 4096] Endgame KQB-KQB. The position is equal.} 40. Qe7+ Kc6 41. Qe1 Qb1 42. Qxb1 (42. b4 {keeps more tension.} Qd3 43. Be3 a5 44. Qc1+) 42... Bxb1 $11 {[%emt 0:00:01] KB-KB} 43. b4 a5 44. bxa5 bxa5 45. Be1 Kb6 46. h3 Bf5 47. g4 hxg4 48. hxg4 Bxg4 49. Bxa5+ Kxa5 {[%emt 0:00:03] Weighted Error Value: White=0.19 (very precise) /Black=0.23 (precise)} 1/2-1/2

[Event "Chinese League Div-A Rapid 2022"]
[Site "Fuling,Chongqing"]
[Date "2022.09.07"]
[Round "2.8"]
[White "Zeng, Chongsheng"]
[Black "Peng, Xiongjian"]
[Result "1-0"]
[ECO "A20"]
[WhiteElo "2597"]
[BlackElo "2454"]
[Annotator "TA"]
[PlyCount "101"]
[EventDate "2022.09.07"]
[EventType "team-tourn"]
[EventCountry "CHN"]
[SourceTitle "playchess.com"]
[Source "ChessBase"]
[SourceQuality "1"]
[TimeControl "1500+10"]

1. c4 Nf6 2. g3 e5 3. Bg2 c6 4. d4 e4 5. d5 cxd5 6. cxd5 {[%emt 0:00:01] [#] A20: English Opening: 1...e5.} Na6 $146 ({Predecessor:} 6... Bb4+ 7. Bd2 Qe7 8. Bxb4 Qxb4+ 9. Qd2 Nxd5 10. Qxb4 Nxb4 11. Bxe4 d5 12. a3 dxe4 13. axb4 {½-½ (59) Abdusattorov,N (2633)-Harsha,B (2489) Warsaw 2021}) 7. Nc3 Bb4 8. Bd2 {[%emt 0:01:07] The position is equal.} Qe7 9. Nh3 d6 $1 10. Ng5 Bxc3 (10... Bf5 $5 ) 11. Bxc3 e3 12. f4 $36 {[%emt 0:03:20][%mdl 2048] White has the initiative.} Nc5 13. b4 Ncd7 14. Qd4 {[%emt 0:00:51] White is more active.} Nb6 15. a4 {[%emt 0:02:43][%cal Ba2a4,Ba4a5][%mdl 32] Threatens to win with a5.} Bf5 16. a5 Nbd7 17. O-O {[%emt 0:00:35] Black must now prevent Rf3.} O-O 18. Rac1 h6 19. Nf3 Be4 20. Nh4 (20. Qxe3 Nxd5 21. Qd4 N7f6 $11) 20... Rfe8 (20... Bxg2 $142 21. Nxg2 Rfe8) 21. Bb2 (21. Bh3 $142) 21... Bxg2 $16 22. Nxg2 Qe4 23. Rc7 Qf5 24. Nxe3 Qh3 {[%emt 0:03:02][%cal Oe8e3] [#] aiming for ...Rxe3!} 25. Rf3 (25. Rxb7 $2 {[#]} Rxe3 $1 26. Qxe3 Ng4 $19) (25. Rfc1 $18) 25... Re4 26. Qc3 {[%emt 0:00:31] Strongly threatening g4.} Rae8 $2 {[%emt 0:01:03][%mdl 8192] Loses the game.} (26... Ne5 $1 $14 27. Rf2 (27. fxe5 Rxe3 28. Qd2 Ng4 $16) 27... Rxe3 28. Qxe3 Nxd5) 27. g4 $18 Qh4 (27... Qxf3 $142 28. exf3 Rxe3) 28. h3 (28. Rxd7 Rxe3 29. Rxe3 Rxe3 30. Rd8+ (30. Qxe3 Qxg4+ 31. Qg3 Qxg3+ 32. hxg3 Nxd7 $14) 30... Re8 31. Rxe8+ Nxe8 $16) 28... Rxe3 29. Rxe3 Rxe3 30. Qxe3 Qe1+ 31. Kg2 Qxb4 32. Rc8+ Kh7 33. Qd3+ g6 34. Qd4 Qb5 35. Rc2 (35. Kf1 $142 {[%cal Od4f6] Threatening mate with Qxf6!} Qb3 36. Rd8 Qxh3+ 37. Ke1 Qh4+ 38. Kd1 Qh1+ 39. Kd2) 35... Qb3 (35... Qxa5 $142 36. Rc8 Qb5) 36. Rd2 (36. Rc7 $142 {[%cal Oc7d7] And now Rxd7! would win.} Qxd5+ 37. Qxd5 Nxd5 38. Rxd7) 36... g5 37. fxg5 hxg5 38. Qd3+ Qxd3 39. Rxd3 {[%emt 0:00:01][%cal Bd2d3,Bd3e3,Be3e7,Be7f7][%mdl 4128] Endgame KRB-KNN} ({Not} 39. exd3 Nxd5 40. Ba3 Nf4+ 41. Kg3 Nc5 $18) 39... Ne4 40. Bd4 b6 (40... Ndc5 $142 41. Rd1 Kg6) 41. Re3 Nec5 42. Bxc5 Nxc5 {[%emt 0:00:03] KR-KN} 43. Re7 bxa5 44. Rxf7+ Kg6 45. Rxa7 a4 46. Kg3 Kf6 47. h4 Ne4+ 48. Kf3 Nd2+ 49. Ke3 Nf1+ 50. Kf2 Nh2 51. Rxa4 {[%emt 0:00:09] Weighted Error Value: White=0.36/Black=0.71} 1-0

[Event "Chinese League Div-A Rapid 2022"]
[Site "Fuling,Chongqing"]
[Date "2022.09.07"]
[Round "2.9"]
[White "Zhang, Xiaowen"]
[Black "Wang, Chuqiao"]
[Result "1-0"]
[ECO "C48"]
[WhiteElo "2307"]
[BlackElo "2037"]
[Annotator "TA"]
[PlyCount "89"]
[EventDate "2022.09.07"]
[EventType "team-tourn"]
[EventCountry "CHN"]
[SourceTitle "playchess.com"]
[Source "ChessBase"]
[SourceQuality "1"]
[TimeControl "1500+10"]

1. e4 e5 2. Nf3 Nc6 3. Nc3 Nf6 4. Bb5 Bc5 5. O-O d6 6. d4 exd4 7. Nxd4 Bd7 8. Nf5 O-O {[%emt 0:02:38] C48: Four Knights: 4 Bb5, replies other than 4...Bb4.} 9. Bg5 {[%emt 0:00:34][%cal Of5g7] aiming for Nxg7!} h6 10. Bh4 {[%emt 0:00:59][%cal Of5g7] And now Nxg7! would win. White is more active.} Kh7 {[%emt 0:03:39] [#]} (10... Bxf5 $14 11. exf5 Nd4) 11. Nxg7 $1 $18 Kxg7 12. Nd5 Bd4 13. c3 {[%emt 0:00:02] [#]} Ne7 $146 (13... Be5 $2 14. f4 Ne7 15. Bxd7 (15. fxe5 Nfxd5 16. Bxd7 Qxd7 $18) 15... Bxc3 16. Nxe7 Qxe7 17. e5 dxe5 18. bxc3 $18) ({Predecessor:} 13... Qc8 14. Bxc6 bxc6 15. Qxd4 cxd5 16. Qxf6+ Kh7 17. exd5 Bf5 18. Rfe1 Bg6 19. Re7 Qa6 {1-0 (27) Ferguson,M (2290)-Lodhi,M (2475) Norwich 1994}) 14. Bxd7 {[%emt 0:03:38] The board is on fire.} ({Don't take} 14. Qxd4 $6 Nexd5 15. Bxd7 Nf4 $16) 14... Qxd7 $2 (14... Ng6 15. Qxd4 Nxh4) 15. Qxd4 Nexd5 16. exd5 Qf5 17. Rae1 Rfe8 18. Re3 c5 19. dxc6 Re6 20. cxb7 {[%emt 0:01:18] White threatens Bxf6+ and mate.} Rae8 21. Rg3+ Kh7 22. Rf3 Qb1 23. g3 (23. Rxb1 $2 {leads to mate.} Re1+ 24. Rxe1 Rxe1#) (23. b8=Q $2 {is a self mate.} Qxf1+ 24. Kxf1 Re1#) 23... Re1 24. Qd3+ Qxd3 25. Rxd3 Rxf1+ 26. Kxf1 {[%emt 0:00:02][%mdl 4096] Endgame KRB-KRN} Nd7 27. Rxd6 Nc5 28. Rd8 Rxd8 29. Bxd8 Nxb7 {[%emt 0:00:02] KB-KN} 30. Be7 Na5 31. Ke2 Kg6 32. Kd3 Kf5 33. c4 Nc6 34. Bf8 h5 35. f4 Kg4 36. b4 Kh3 37. b5 Nd8 38. Be7 Ne6 39. c5 {[%emt 0:00:03][%cal Bc4c5,Bc5b6][%mdl 32] Threatening mate with b6.} Nc7 40. b6 {[%emt 0:00:50] White mates.} axb6 41. cxb6 Na6 42. Kc4 Kxh2 43. Bh4 Kh3 44. a4 Kg4 45. a5 {[%emt 0:00:05] Black got outplayed after the opening.  Weighted Error Value: White=0.50/Black=0.99} 1-0

[Event "Chinese League Div-A Rapid 2022"]
[Site "Fuling,Chongqing"]
[Date "2022.09.07"]
[Round "2.10"]
[White "Zhang, Lanlin"]
[Black "Huang, Qian"]
[Result "1-0"]
[ECO "B01"]
[WhiteElo "2135"]
[BlackElo "2433"]
[Annotator "RC"]
[PlyCount "81"]
[EventDate "2022.09.07"]
[EventType "team-tourn"]
[EventCountry "CHN"]
[SourceTitle "playchess.com"]
[Source "ChessBase"]
[SourceQuality "1"]
[TimeControl "1500+10"]

1. e4 d5 2. exd5 Nf6 3. Nf3 Nxd5 4. d4 Bg4 5. Be2 e6 6. O-O Nc6 7. Re1 Be7 8. c3 O-O 9. Nbd2 Re8 10. Nc4 Bf8 11. Nce5 Nxe5 12. dxe5 c6 13. a4 Bc5 14. Qb3 Qc7 15. Qc4 Bxf3 16. Bxf3 Qb6 17. Rf1 a5 18. Qg4 Ne7 19. h4 Rad8 20. h5 Rd7 21. Be4 Nf5 22. Bc2 g6 23. Rb1 Bf8 24. Qf3 Bg7 25. g4 Ne7 26. Qe4 Rd5 27. Bf4 c5 28. h6 Bh8 29. b3 Nc6 30. Rbd1 Red8 31. Bg5 Bxe5 32. Bxd8 Qxd8 33. f4 Bxc3 34. Rxd5 exd5 35. Qd3 Bd4+ 36. Kg2 Qh4 37. Qf3 Qxh6 38. Qxd5 Nb4 39. Qd8+ Kg7 40. Be4 Bf6 41. Qxf6+ 1-0

[Event "Chinese League Div-A Rapid 2022"]
[Site "Fuling,Chongqing"]
[Date "2022.09.07"]
[Round "2.11"]
[White "Ma, Zhonghan"]
[Black "Zhou, Weiqi"]
[Result "1/2-1/2"]
[ECO "D22"]
[WhiteElo "2485"]
[BlackElo "2597"]
[Annotator "TA"]
[PlyCount "47"]
[EventDate "2022.09.07"]
[EventType "team-tourn"]
[EventCountry "CHN"]
[SourceTitle "playchess.com"]
[Source "ChessBase"]
[SourceQuality "1"]
[TimeControl "1500+10"]

1. d4 d5 2. c4 dxc4 3. Nf3 a6 4. e3 b5 5. a4 Bb7 6. axb5 axb5 7. Rxa8 Bxa8 8. b3 e6 {[%emt 0:00:08] The position is equal.} 9. bxc4 {[%emt 0:00:04] D22: Queen's Gambit Accepted: 3 Nf3 a6 4 e3.} bxc4 10. Bxc4 Nf6 11. O-O Be7 12. Ba3 O-O 13. Bxe7 Qxe7 14. Nbd2 c5 15. Qa1 {[%emt 0:01:38] [#]} Bxf3 $146 ({Predecessor:} 15... Nbd7 16. Rb1 cxd4 17. Qxd4 Qc5 {½-½ (17) Barria Zuniga,D (2341)-Sarkar,J (2377) Chess.com INT 2020}) 16. Nxf3 cxd4 17. Nxd4 Nbd7 18. Qa7 Qc5 19. Qxc5 Nxc5 20. Be2 Ncd7 21. Bc4 Nc5 22. Be2 Ncd7 23. Bc4 Nc5 24. Be2 {[%emt 0:00:05] An uneventful encounter.  Weighted Error Value: White=0.02 (flawless) /Black=0.02 (flawless)} 1/2-1/2

[Event "Chinese League Div-A Rapid 2022"]
[Site "Fuling,Chongqing"]
[Date "2022.09.07"]
[Round "2.12"]
[White "Wang, Hao B"]
[Black "Xiao, Tong"]
[Result "0-1"]
[ECO "E11"]
[WhiteElo "2165"]
[BlackElo "2027"]
[Annotator "RC"]
[PlyCount "116"]
[EventDate "2022.09.07"]
[EventType "team-tourn"]
[EventCountry "CHN"]
[SourceTitle "playchess.com"]
[Source "ChessBase"]
[SourceQuality "1"]
[TimeControl "1500+10"]

1. d4 Nf6 2. c4 e6 3. Nf3 Bb4+ 4. Nbd2 O-O 5. a3 Bxd2+ 6. Bxd2 b6 7. Bg5 Bb7 8. e3 d6 9. Bd3 Nbd7 10. O-O h6 11. Bh4 Qe7 12. Rc1 a5 13. Re1 Rfe8 14. Nd2 Qf8 15. Qc2 g5 16. Bg3 Nh5 17. Be4 Bxe4 18. Qxe4 Nxg3 19. hxg3 Nf6 20. Qc6 Qe7 21. c5 bxc5 22. dxc5 d5 23. Qa4 Nd7 24. Nb3 Reb8 25. Rc2 Ne5 26. Nc1 f5 27. b3 Kf7 28. Rd1 g4 29. Qf4 Ng6 30. Qd4 c6 31. b4 axb4 32. axb4 Qf6 33. Ra2 Ne5 34. Rxa8 Rxa8 35. Nb3 Nc4 36. Qxf6+ Kxf6 37. Nd4 Ra6 38. b5 cxb5 39. c6 Ke7 40. Rb1 Nd6 41. Rc1 Ra8 42. f4 gxf3 43. gxf3 e5 44. Nb3 Nc4 45. f4 Ra3 46. Rb1 e4 47. Nd4 Nxe3 48. Nxb5 Ra4 49. Re1 Nc2 50. Rd1 d4 51. Rd2 d3 52. Kh2 Rc4 53. c7 Kd7 54. Rd1 Rb4 55. Nc3 Ne3 56. Re1 Ng4+ 57. Kh3 Rb2 58. Rc1 Rh2# 0-1

[Event "Chinese League Div-A Rapid 2022"]
[Site "Fuling,Chongqing"]
[Date "2022.09.07"]
[Round "2.13"]
[White "Pang, Tao"]
[Black "Zou, Chen"]
[Result "0-1"]
[ECO "E61"]
[WhiteElo "2427"]
[BlackElo "2432"]
[Annotator "TA"]
[PlyCount "112"]
[EventDate "2022.09.07"]
[EventType "team-tourn"]
[EventCountry "CHN"]
[SourceTitle "playchess.com"]
[Source "ChessBase"]
[SourceQuality "1"]
[TimeControl "1500+10"]

1. Nf3 Nf6 2. c4 g6 3. Nc3 Bg7 4. d4 O-O 5. Bf4 d6 6. Qd2 {[%emt 0:00:02] E61: King's Indian: Early deviations for White, including Smyslov System.} c5 7. d5 a6 8. e4 {[%emt 0:00:41] The position is equal.} b5 9. cxb5 axb5 (9... Qb6 {looks sharper.} 10. e5 dxe5 11. Nxe5 axb5 12. Bxb5 Ne4) 10. Bxb5 Ba6 (10... Qb6 $11 {remains equal.}) 11. Bxa6 $16 Nxa6 12. O-O {[%emt 0:00:06] [#]} Nd7 $146 ({Predecessor:} 12... Qb6 13. Rfe1 Rfb8 14. Rab1 Qc7 15. a4 Nb4 16. Nb5 Qd7 17. b3 Ng4 18. h3 Rxb5 19. hxg4 {½-½ (37) Toledano Gonzalez,T (1835)-Manas Molina,A (1940) Madrid 2000}) 13. Bh6 Qb6 14. Bxg7 Kxg7 15. Rfe1 Rfb8 16. Rab1 Nc7 17. e5 dxe5 18. Nxe5 Nxe5 19. Rxe5 Qd6 20. f4 Nb5 21. Rbe1 {[%emt 0:00:59] Threatens to win with Ne4.} Ra7 (21... Nxc3 $14 22. Qxc3 Kg8) 22. Nxb5 (22. Ne4 $16 Qc7 23. Nc3) 22... Rxb5 $14 23. b3 Rb4 24. R5e4 Rxe4 25. Rxe4 {[%emt 0:00:01][%mdl 4096] Endgame KQR-KQR} Rd7 26. Qc3+ f6 27. Qe3 Kf7 28. Qh3 Kg7 29. Qe6 Kf8 30. Ra4 {[%emt 0:00:41] Hoping for Ra8+.} Qxd5 31. Qxd5 Rxd5 $11 {[%emt 0:00:01] KR-KR} 32. Ra5 Rd2 33. a4 Rc2 34. Ra8+ Kf7 35. Rc8 Ke6 36. a5 Kd7 37. Rb8 Ra2 38. Rb5 Kc6 39. Rb6+ Kd5 40. Rb5 Kd4 41. g4 $1 e5 42. fxe5 (42. g5 $11 fxg5 43. fxe5) 42... fxe5 $15 43. h4 e4 {[%emt 0:00:08] Black is more active.} 44. Kf1 $2 {[%emt 0:00:41][%mdl 8192] [#]} (44. Rb7 $17 {nothing else works.}) 44... Kd3 $1 $19 45. Rxc5 $2 {[%emt 0:00:09] [#]} (45. Rb7 $19 h5 46. Rd7+ Ke3 47. gxh5 gxh5 48. Rd5) 45... Ra1+ $1 46. Kg2 e3 {[%emt 0:00:01] ( -> ...e2)} 47. Rd5+ $2 (47. Rc6 $11) 47... Ke4 {[%emt 0:00:05] Black mates.} 48. Rd7 e2 49. Re7+ Kd3 50. Kf2 Rf1+ 51. Kg3 e1=Q+ 52. Rxe1 Rxe1 53. Kf4 Kd4 54. Kg5 Re7 55. h5 gxh5 56. gxh5 Kc5 {[%emt 0:00:04] Weighted Error Value: White=0.38/Black=0.08 (flawless)} 0-1